 Dungeon Crawl Stone Soup version 0.30-a0-923-g828ccac5a3 (webtiles) character file.

Game seed: 8515678408502446383

452 darator the Chopper (level 7, -4/61 HPs)
             Began as a Hill Orc Fighter on Mar 5, 2023.
             Was an Initiate of Beogh.
             Slain by Duvessa
             ... wielding a +1 short sword of holy wrath
              (6 damage)
             ... on level 4 of the Dungeon on Mar 22, 2023.
             The game lasted 00:15:02 (4014 turns).

darator the Chopper (Hill Orc Fighter)              Turns: 4014, Time: 00:15:02

Health: -4/61      AC:  8    Str: 21    XL:     7   Next: 4%
Magic:  7/7        EV:  9    Int:  8    God:    Beogh [......]
Gold:   184        SH:  5    Dex: 16    Spells: 6/6 levels left

rFire   . . .      SeeInvis .    a - +0 war axe
rCold   . . .      Faith    .    c - +0 buckler
rNeg    . . .      Spirit   .    b - +0 scale mail
rPois   .          Reflect  .    q - +0 hat
rElec   .          Rampage  .    j - +0 cloak
rCorr   .                        (no gloves)
Will    .....                    (no boots) Stlth
                                 (no amulet)
HPRegen 0.30/turn                w - +6 ring of dexterity
MPRegen 0.10/turn                i - ring of flight

@: mighty, flying
A: no striking features
a: Renounce Religion


You were on level 4 of the Dungeon.
You worshipped Beogh.
Beogh was noncommittal.
You visited 1 branch of the dungeon, and saw 5 of its levels.

You collected 184 gold pieces.

Inventory:

Hand Weapons
 a - a +0 war axe (weapon)
Armour
 b - a +0 scale mail (worn)
 c - a +0 buckler (worn)
 j - a +0 cloak (worn)
 q - a +0 hat (worn)
Jewellery
 i - a ring of flight (right hand)
 m - a ring of fire
 w - a +6 ring of dexterity (left hand)
Wands
 n - a wand of roots (2)
Scrolls
 e - 10 scrolls of identify {unknown}
 f - a scroll of vulnerability {unknown}
 g - 2 scrolls of blinking
 l - a scroll of enchant armour {unknown}
 p - 2 scrolls of teleportation {unknown}
 v - 2 scrolls of immolation {unknown}
Potions
 h - 3 potions of curing
 k - 3 potions of degeneration {unknown}
 o - 2 potions of lignification {unknown}
 r - 2 potions of flight {unknown}
 s - a potion of resistance
 t - a potion of mutation {unknown}
 u - a potion of invisibility {unknown}


   Skills:
 + Level 5.2 Fighting
 * Level 6.4 Axes
 + Level 4.7 Armour
 + Level 4.7 Shields


You had 6 spell levels left.
You didn't know any spells.
Your spell library contained the following spells:

 Spells                   Type           Power      Damage    Failure   Level
 Sandblast                Erth           0%         2d4       83%         1
 Passwall                 Tmut/Erth      0%         N/A       92%         2
 Stone Arrow              Conj/Erth      0%         3d7       99%         3
 Animate Armour           Summ/Erth      0%         N/A       100%        4
 Animate Dead             Necr           0%         N/A       100%        4
 Conjure Ball Lightning   Conj/Air       0%         3x3d6     100%        6
 Haunt                    Necr/Summ      0%         N/A       100%        7
 Discord                  Hex            0%         N/A       100%        8
 Disjunction              Tloc           0%         N/A       100%        8
 Infestation              Necr           0%         N/A       100%        8
 Lehudib's Crystal Spear  Conj/Erth      0%         10d2      100%        8


Dungeon Overview and Level Annotations

Branches:
Dungeon (5/15)             Temple (0/1) D:4

Altars:
Ashenzari
Gozag
Kikubaaqudgha
Nemelex Xobeh
Xom
The Shining One

Annotations:
D:4 3 runed translucent doors, Duvessa; Opifex's ghost, amateur DsFi


Message History

Duvessa is lightly wounded.
Duvessa hits you with a +1 short sword of holy wrath.
Duvessa hits you but does no damage.
You hit Duvessa but do no damage.
Duvessa is lightly wounded.
You feel less wooden.
Your +0 cloak unmelds from your body.
Your +0 hat unmelds from your body.
Your +0 scale mail unmelds from your body.
Duvessa hits you with a +1 short sword of holy wrath. x2
You feel very mighty all of a sudden. You block Duvessa's attack.
You barely miss Duvessa.
Duvessa is lightly wounded.
Duvessa hits you with a +1 short sword of holy wrath! x2
You slash Duvessa!
Duvessa is heavily wounded.
You block Duvessa's attack. x2
You slash Duvessa!
Duvessa is heavily wounded.
Duvessa closely misses you.
Duvessa hits you with a +1 short sword of holy wrath.
You hit Duvessa.
Duvessa is severely wounded.
Duvessa hits you with a +1 short sword of holy wrath!
* * * LOW HITPOINT WARNING * * *
You barely miss Duvessa.
Duvessa is severely wounded.
You block Duvessa's attack.
Duvessa hits you with a +1 short sword of holy wrath.
* * * LOW HITPOINT WARNING * * *
You slash Duvessa!
Duvessa is almost dead.
Duvessa hits you with a +1 short sword of holy wrath.
* * * LOW HITPOINT WARNING * * *
You block Duvessa's attack.
You hit Duvessa.
Duvessa is almost dead.
Duvessa misses you.
Duvessa hits you with a +1 short sword of holy wrath.
You die...

#....# #....# #....#
#....## ..... #.....+
...... #....# ......
##....## ...... #.@...##.
###...... .....')e...##.
#.....#
.....#'##'###..#.....#
##.. .......#..#<....# #.
........#..'.....# #
.........####.....### #
.....................(
......#######............
... #.....+............


You could see Duvessa (berserk).

Vanquished Creatures
  2 scorpions
  Dowan (D:4)
  2 hounds
  Jessica (D:3)
  Ijyb (D:3)
  An orc wizard (D:5)
  An adder (D:2)
  4 gnolls
  7 worms
  A dart slug (D:1)
  3 orcs
  9 ball pythons
  6 bats
  6 endoplasms
  5 giant cockroaches
  8 hobgoblins
  4 jackals (D:3)
  A quokka (D:3)
  2 frilled lizards (D:3)
  5 goblins
  7 kobolds
  4 rats
81 creatures vanquished.

Vanquished Creatures (others)
  2 withered plants (D:3)
2 creatures vanquished.

Grand Total: 83 creatures vanquished

Notes
Turn   | Place    | Note
-------+----------+-------------------------------------------
     0 | D:1      | darator the Hill Orc Fighter began the quest for the Orb.
     0 | D:1      | Reached XP level 1. HP: 19/19 MP: 1/1
   187 | D:1      | Reached skill level 3 in Axes
   187 | D:1      | Reached XP level 2. HP: 27/27 MP: 2/2
   381 | D:1      | Found a faded altar of an unknown god.
   839 | D:2      | Reached XP level 3. HP: 26/33 MP: 3/3
  1317 | D:2      | Reached skill level 4 in Axes
  1450 | D:2      | Reached XP level 4. HP: 40/40 MP: 4/4
  1759 | D:3      | Noticed Ijyb
  1779 | D:3      | Killed Ijyb
  2004 | D:3      | Found a sparkling altar of Nemelex Xobeh.
  2040 | D:3      | Found an opulent altar of Gozag.
  2253 | D:3      | Found a glowing golden altar of the Shining One.
  2470 | D:3      | Found an ancient bone altar of Kikubaaqudgha.
  2476 | D:3      | Noticed Jessica
  2486 | D:3      | Killed Jessica
  2487 | D:3      | Reached XP level 5. HP: 24/47 MP: 5/5
  2621 | D:4      | Found a broken altar of Ashenzari.
  2621 | D:4      | Found a shimmering altar of Xom.
  2652 | D:4      | Found a staircase to the Ecumenical Temple.
  2896 | D:4      | Reached skill level 5 in Axes
  3048 | D:4      | Became a worshipper of Beogh the Brigand
  3168 | D:4      | Found a runed translucent gate.
  3168 | D:4      | Found a runed translucent gate.
  3168 | D:4      | Found a runed translucent gate.
  3176 | D:4      | Noticed Opifex's ghost (amateur DsFi)
  3219 | D:4      | Reached XP level 6. HP: 33/55 MP: 6/6
  3296 | D:4      | Noticed Dowan
  3296 | D:4      | Noticed Duvessa
  3313 | D:4      | Upgraded the game from 0.30-a0-857-gcaf70739d4 to
                  | 0.30-a0-923-g828ccac5a3
  3547 | D:5      | Entered Level 5 of the Dungeon
  3607 | D:5      | Reached skill level 5 in Fighting
  3607 | D:5      | Reached skill level 6 in Axes
  3972 | D:5      | Noticed a water moccasin
  3989 | D:4      | Killed Dowan
  3990 | D:4      | Reached XP level 7. HP: 61/61 MP: 7/7
  4013 | D:4      | HP: 2/61 [Duvessa/+1 short sword of holy wrath (4)]
  4014 | D:4      | Slain by Duvessa

Illustrated notes

Levels and vault maps discovered:
D:1:      lightli_arrival_chessboard, layout_basic,
          ebering_ecumenical_altar_abandoned, minmay_misc_feat_ornament,
          hangedman_decor_opposing, nicolae_wormholes
D:2:      layout_loops_ring
D:3:      layout_loops_corners, mainiacjoe_overflow_alcove_2,
          lemuel_coloured_pillars_altar, kiku_gazebo_garden_becter,
          grunt_gozag_statues, uniq_jessica, uniq_ijyb
D:4:      layout_gridville, amethyst_overflow_temple_binary,
          minmay_temple_entry_poolview, gammafunk_ghost_necromancy, uniq_pikel,
          uniq_duvessa
D:5:      layout_cave_pools

Skill      XL: |  1  2  3  4  5  6 |
---------------+-------------------+-----
Axes           | 3 4 5 6 |  6.4
Fighting       | 4 5 |  5.2
Shields        | 4 |  4.7
Armour         | 4 |  4.7

Action                     |  1- 3 |  4- 6 |  7- 9 || total
---------------------------+-------+-------+-------++-------
  Melee: War axe           |    96 |   183 |     9 ||   288
 Invoke: Convert to Beogh  |       |     1 |       ||     1
    Use: Potion            |       |     1 |     1 ||     2
         Scroll            |       |     1 |       ||     1
 Armour: Scale mail        |    35 |    74 |       ||   109
         Skin              |       |     3 |     1 ||     4
  Dodge: Dodged            |    47 |    84 |     3 ||   134
  Block: Buckler           |    24 |    44 |     5 ||    73

Table legend: (Time is in decaauts)
 A = Elapsed time spent in this place.
 B = Non-inter-level travel time spent in this place.
 C = Inter-level travel time spent in this place.
 D = Time resting spent in this place.
 E = Time spent auto-exploring this place.
 F = Levels seen in this place.
 G = Mean time per level.
                   A        B        C        D        E       F      G
               +--------+--------+--------+--------+--------+-----+--------+
         Total |   4109 |   3774 |    335 |    605 |   2206 |   5 |  821.8 |
       Dungeon |   4109 |   3774 |    335 |    605 |   2206 |   5 |  821.8 |
               +--------+--------+--------+--------+--------+-----+--------+

Top non-repeatable levels by time:
     D:3: 1282 daAuts
     D:1: 833 daAuts
     D:4: 807 daAuts
     D:2: 747 daAuts
     D:5: 438 daAuts
